 Dungeon Crawl Stone Soup version 0.23.2-1-ga50397a (webtiles) character file.

Game seed: 1967782271124795969

207 Lickle the Shield-Bearer (level 6, -1/48 HPs)
             Began as a Formicid Fighter on Apr 29, 2019.
             Slain by a hound (3 damage)
             ... on level 6 of the Dungeon.
             The game lasted 00:03:36 (2191 turns).

Lickle the Shield-Bearer (Formicid Fighter)         Turns: 2191, Time: 00:03:39

Health: -1/48      AC:  7    Str: 21    XL:     6   Next: 11%
Magic:  6/6        EV:  8    Int:  7    God:
Gold:   167        SH: 10    Dex: 12    Spells: 5/5 levels left

rFire    . . .     SeeInvis +   a - +0 war axe
rCold    . . .     Gourm    .   c - +0 shield
rNeg     . . .     Faith    .   b - +0 scale mail
rPois    .         Spirit   .   (helmet unavailable)
rElec    .         Reflect  .   (no cloak)
rCorr    .         Harm     .   (no gloves)
MR       .....                  (no boots)
Stlth    +.........             (no amulet)
HPRegen  0.16/turn              (no ring)
MPRegen  0.10/turn              (no ring)

@: no status effects
A: permanent stasis, dig shafts and tunnels, four strong arms, antennae 3
a: Dig, Shaft Self


You were on level 6 of the Dungeon.
You were not hungry.

You visited 1 branch of the dungeon, and saw 4 of its levels.

You collected 167 gold pieces.

Inventory:

Hand Weapons
 a - a +0 war axe (weapon)
Armour
 b - a +0 scale mail (worn)
 c - a +0 shield (worn)
Jewellery
 r - an uncursed ring of stealth {unknown}
Scrolls
 e - a scroll of fog {unknown}
 h - 5 scrolls of identify {unknown}
 i - 2 scrolls of immolation {unknown}
 j - 2 scrolls of amnesia {unknown}
 l - 2 scrolls of enchant armour {unknown}
 m - a scroll of magic mapping {unknown}
 o - 2 scrolls of noise {unknown}
 p - a scroll of blinking {unknown}
Potions
 d - 2 potions of might
 g - 3 potions of curing {unknown}
 k - 2 potions of heal wounds {unknown}
 n - a potion of mutation {unknown}
 q - 3 potions of brilliance {unknown}
 s - 2 potions of ambrosia {unknown}
Comestibles
 f - 4 rations


   Skills:
 + Level 4.2 Fighting
 + Level 3.1 Axes
 + Level 4.3 Armour
 + Level 2.9 Stealth
 + Level 4.7 Shields


You had 5 spell levels left.
You didn't know any spells.
Your spell library was empty.

Dungeon Overview and Level Annotations

Branches:
Dungeon (3/15)

Altars:
Hepliaklqana
Zin


Innate Abilities, Weirdness & Mutations

You cannot be hasted, slowed, berserked, paralysed or teleported.
You can dig through walls and to a lower floor.
Your four strong arms can wield two-handed weapons with a shield.
You have a pair of large antennae on your head. (SInv)


Message History

The centaur is heavily wounded.
The centaur hits you.
* * * LOW HITPOINT WARNING * * *
You block the centaur's attack.
Unknown command.
You barely miss the centaur.
The centaur is heavily wounded.
The centaur barely misses you. You block the centaur's attack.
Unknown command.
You slash the centaur!
You kill the centaur!
Your Axes skill increases to level 3!
You have reached level 6!
Your experience leads to an increase in your attributes!
Increase (S)trength, (I)ntelligence, or (D)exterity?
You feel agile. The hound bites you.
* * * LOW HITPOINT WARNING * * *
The hound bites you.
You die...

#.# ..## ...
.... #
#.##..##.. #
#......... #.
#........
.#.##.###...(.#
..............#
#h@.(....#
#.?...###.#...#
##.#. #.#.#.# #
#.#.# # #....
###.# .# .#


You could see a hound.

Vanquished Creatures
  A centaur (D:6)
  A worker ant (D:6)
  4 adders
  3 worms (D:2)
  2 dart slugs
  A leopard gecko (D:2)
  3 giant cockroaches
  7 goblins
  10 hobgoblins
  7 kobolds
  4 bats
  2 frilled lizards (D:2)
  8 rats
53 creatures vanquished.

Notes
Turn   | Place    | Note
-------+----------+-------------------------------------------
     0 | D:1      | Lickle the Formicid Fighter began the quest for the Orb.
     0 | D:1      | Reached XP level 1. HP: 18/18 MP: 1/1
    73 | D:1      | Reached XP level 2. HP: 24/24 MP: 2/2
   263 | D:1      | Reached skill level 1 in Stealth
   347 | D:1      | Reached XP level 3. HP: 29/29 MP: 3/3
  1132 | D:2      | Reached XP level 4. HP: 36/37 MP: 4/4
  1704 | D:3      | Reached XP level 5. HP: 42/42 MP: 5/5
  1847 | D:3      | Found a glowing silver altar of Zin.
  1913 | D:3      | Found a hazy altar of Hepliaklqana.
  2169 | D:3      | You fall through a shaft for 3 floors!
  2170 | D:6      | Noticed a centaur
  2189 | D:6      | HP: 2/42 [centaur (4)]
  2191 | D:6      | Killed a centaur
  2191 | D:6      | Reached XP level 6. HP: 2/48 MP: 6/6
  2191 | D:6      | Slain by a hound

Skill      XL: |  1  2  3  4  5 |
---------------+----------------+-----
Stealth        | 1 2 |  2.9
Shields        | 4 |  4.7
Armour         | 4 |  4.3
Fighting       | 4 |  4.2
Axes           | 3 |  3.1

Action                   |  1- 3 |  4- 6 || total
-------------------------+-------+-------++-------
Melee: War axe           |    84 |    91 ||   175
  Eat: Ration            |       |     1 ||     1
       Chunk             |       |     1 ||     1
Armor: Scale mail        |    38 |    38 ||    76
Dodge: Dodged            |    12 |    34 ||    46
Block: Shield            |    38 |    60 ||    98
